 Dungeon Crawl Stone Soup version 0.28-a0-677-g3278d6a771 (webtiles) character file.

Game seed: 6866352052827959441

1436 Gargoyl the Skirmisher (level 8, 0/62 (67) HPs)
             Began as a Gnoll Abyssal Knight on Oct 18, 2021.
             Was a Priest of Lugonu.
             Slain by a wyvern zombie (7 damage)
             ... on level 5 of the Dungeon.
             The game lasted 00:05:54 (5401 turns).

Gargoyl the Skirmisher (Gnoll Abyssal Knight)       Turns: 5401, Time: 00:05:55

HP:   0/62 (67)     AC: 17    Str: 14    XL:     8   Next: 73%
MP:   13/13         EV:  5    Int:  9    God:    Lugonu [***...]
Gold: 330           SH:  0    Dex: 17    Spells: 14/14 levels left

rFire   . . .      SeeInvis .   d - +4 hand axe of Nightmares {drain, Contam rN+ Dex+3}
rCold   . . .      Faith    .   (no shield)
rNeg    + . .      Spirit   .   h - +0 plate armour
rPois   .          Reflect  .   e - +2 helmet
rElec   .          Harm     .   i - +0 cloak
rCorr   .          Rampage  .   (no gloves)
Will    .....                   (no boots)
Stlth   ..........              o - amulet of magic regeneration
HPRegen 0.20/turn               (no ring)
MPRegen 0.38/turn               (no ring)

@: drained
A: fangs 1, strong nose, distributed training
a: Renounce Religion, Depart the Abyss, Bend Space, Banish


You were on level 5 of the Dungeon.
You worshipped Lugonu.
Lugonu was most pleased with you.
You visited 1 branch of the dungeon, and saw 5 of its levels.
You visited the Abyss 1 time.

You collected 330 gold pieces.

Inventory:

Hand Weapons
 a - a +1 hand axe
 d - the +4 hand axe of Nightmares (weapon) {drain, Contam rN+ Dex+3}
   (You found it on level 2 of the Abyss)

   A truly terrible weapon, it drains the life of any living foe it strikes.
   Dex:       It affects your dexterity (+3).
   rN:        It protects you from negative energy.
   Contam:    It causes magical contamination when unequipped.
 q - a +4 long sword of freezing
Missiles
 b - 18 poisoned darts (quivered)
Armour
 e - a +2 helmet (worn)
 h - a +0 plate armour (worn)
 i - a +0 cloak (worn)
Jewellery
 o - an amulet of magic regeneration (around neck)
Wands
 c - a wand of iceblast (13)
Scrolls
 f - 3 scrolls of teleportation
 g - a scroll of fog
 j - a scroll of summoning {unknown}
 l - 2 scrolls of identify
 m - a scroll of magic mapping
Potions
 k - a potion of flight {unknown}
 n - a potion of haste {unknown}
 p - a potion of mutation {unknown}


   Skills:
 + Level 7.5 Fighting
 + Level 3.5 Short Blades
 + Level 3.5 Long Blades
 + Level 5.8 Axes
 + Level 3.5 Maces & Flails
 + Level 3.5 Polearms
 + Level 3.5 Staves
 + Level 3.5 Slings
 + Level 3.5 Bows
 + Level 3.5 Crossbows
 + Level 3.5 Throwing
 + Level 5.8 Armour
 + Level 4.4 Dodging
 + Level 3.5 Stealth
 + Level 3.5 Shields
 + Level 3.5 Unarmed Combat
 + Level 3.5 Spellcasting
 + Level 2.9 Conjurations
 + Level 2.9 Hexes
 + Level 2.9 Summonings
 + Level 2.9 Necromancy
 + Level 2.9 Translocations
 + Level 2.9 Transmutations
 + Level 2.9 Fire Magic
 + Level 2.9 Ice Magic
 + Level 2.9 Air Magic
 + Level 2.9 Earth Magic
 + Level 2.9 Poison Magic
 + Level 6.1 Invocations
 + Level 3.5 Evocations


You had 14 spell levels left.
You didn't know any spells.
Your spell library contained the following spells:

 Spells                   Type           Power      Damage    Failure   Level
 Sublimation of Blood     Necr           3%         N/A       100%        2
 Wereblood                Tmut           6%         N/A       100%        2
 Summon Hydra             Summ           3%         N/A       100%        7
 Chain Lightning          Conj/Air       3%         3d4       100%        9
 Fire Storm               Conj/Fire      3%         8d1       100%        9
 Shatter                  Erth           3%         3d7*      100%        9


Dungeon Overview and Level Annotations

Branches:
Dungeon (5/15)
 Temple: D:4-7

Altars:
Ashenzari
Hepliaklqana
Kikubaaqudgha
Makhleb
Qazlal
Trog
Wu Jian
Xom
The Shining One


Innate Abilities, Weirdness & Mutations

You have very sharp teeth.
Your uncanny sense of smell can sniff out nearby items.
Your experience applies equally to all skills.


Message History

You hit the wyvern zombie but do no damage.
You bite the wyvern zombie, but do no damage.
The wyvern zombie bites you.
The wyvern zombie bites you but does no damage.
You hit the wyvern zombie.
The wyvern zombie is lightly damaged.
The wyvern zombie bites you but does no damage.
You hit the wyvern zombie.
The wyvern zombie is lightly damaged.
The wyvern zombie bites you.
Unknown command.
You hit the wyvern zombie.
You bite the wyvern zombie, but do no damage.
The wyvern zombie is moderately damaged.
The wyvern zombie closely misses you.
The wyvern zombie bites you but does no damage.
You slash the wyvern zombie!
You bite the wyvern zombie, but do no damage.
The wyvern zombie is heavily damaged.
The wyvern zombie bites you!
* * * LOW HITPOINT WARNING * * *
Your plate armour prevents you from hitting the wyvern zombie.
The wyvern zombie is heavily damaged.
The wyvern zombie bites you.
* * * LOW HITPOINT WARNING * * *
You hit the wyvern zombie but do no damage.
You bite the wyvern zombie, but do no damage.
The wyvern zombie is heavily damaged.
The wyvern zombie bites you.
* * * LOW HITPOINT WARNING * * *
The wyvern zombie bites you but does no damage.
You hit the wyvern zombie.
You bite the wyvern zombie, but do no damage.
The wyvern zombie is heavily damaged.
The wyvern zombie bites you but does no damage.
The wyvern zombie barely misses you. The wyvern zombie bites you.
* * * LOW HITPOINT WARNING * * *
The wyvern zombie bites you!
You die...

#.# #########...# #.##
#.# #....<......# #..#
..# #.#######.### ##.#
#.####.# #.# #.##
....##.# #.# #..#
.......#
###############.#
..#.####
#.#.#.#_#.#.##8.# ..#.#
#'#'#'#'#'#'###.# ....#
#....Z@......'..# [.###
#[#'#รท#'#'#'#####
.(#########.#.#.#.#.#.#
..........#############
.########## ## # # #


You could see a wyvern zombie.

Vanquished Creatures
  2 hornet zombies (D:5)
  4 necrophages
  An ogre (D:4)
  3 scorpions
  A water moccasin skeleton (D:5)
  A wight (D:5)
  A human zombie (D:5)
  A hound (D:5)
  An orc priest (D:5)
  Crazy Yiuf (D:4)
  An iguana (D:2)
  4 scorpion zombies (D:5)
  Natasha (D:4)
  3 orc wizards
  A hound zombie (D:5)
  4 hound skeletons
  6 adders
  An adder skeleton (D:4)
  19 orcs
  4 endoplasms
  3 giant cockroaches
  8 hobgoblins
  3 jackals (D:5)
  8 kobolds
  5 quokkas
  11 ball pythons
  4 bats (D:1)
  8 goblins
  3 rats
113 creatures vanquished.

Notes
Turn   | Place    | Note
-------+----------+-------------------------------------------
     0 | Abyss:1  | Gargoyl the Gnoll Abyssal Knight began the quest for the
                  | Orb.
     0 | Abyss:1  | Reached XP level 1. HP: 23/23 MP: 3/3
    24 | Abyss:1  | Found a corrupted altar of Lugonu.
    27 | Abyss:1  | Found a corrupted altar of Lugonu.
    35 | Abyss:2  | Found a corrupted altar of Lugonu.
    57 | Abyss:2  | Identified the +4 hand axe of Nightmares {drain, Contam rN+
                  | Dex+3}
    64 | Abyss:2  | Found a corrupted altar of Lugonu.
    82 | Abyss:2  | Noticed a large abomination
    83 | D:1      | Escaped the Abyss
   122 | D:1      | Reached XP level 2. HP: 23/29 MP: 5/5
   132 | D:1      | Reached * piety under Lugonu
   710 | D:1      | Reached XP level 3. HP: 35/35 MP: 6/6
   951 | D:2      | Reached skill level 1 in Short Blades
   951 | D:2      | Reached skill level 1 in Long Blades
   951 | D:2      | Reached skill level 1 in Maces & Flails
   951 | D:2      | Reached skill level 1 in Polearms
   951 | D:2      | Reached skill level 1 in Staves
   951 | D:2      | Reached skill level 1 in Slings
   951 | D:2      | Reached skill level 1 in Bows
   951 | D:2      | Reached skill level 1 in Crossbows
   951 | D:2      | Reached skill level 1 in Throwing
   951 | D:2      | Reached skill level 1 in Stealth
   951 | D:2      | Reached skill level 1 in Shields
   951 | D:2      | Reached skill level 1 in Unarmed Combat
   951 | D:2      | Reached skill level 1 in Spellcasting
   951 | D:2      | Reached skill level 1 in Evocations
  1194 | D:2      | Reached XP level 4. HP: 41/41 MP: 7/7
  1216 | D:2      | Found a hazy altar of Hepliaklqana.
  1751 | D:2      | Found a faded altar of an unknown god.
  1832 | D:3      | Reached skill level 1 in Conjurations
  1832 | D:3      | Reached skill level 1 in Hexes
  1832 | D:3      | Reached skill level 1 in Summonings
  1832 | D:3      | Reached skill level 1 in Necromancy
  1832 | D:3      | Reached skill level 1 in Translocations
  1832 | D:3      | Reached skill level 1 in Transmutations
  1832 | D:3      | Reached skill level 1 in Fire Magic
  1832 | D:3      | Reached skill level 1 in Ice Magic
  1832 | D:3      | Reached skill level 1 in Air Magic
  1832 | D:3      | Reached skill level 1 in Earth Magic
  1832 | D:3      | Reached skill level 1 in Poison Magic
  1834 | D:3      | Reached ** piety under Lugonu
  2126 | D:3      | Reached XP level 5. HP: 41/47 MP: 8/8
  2672 | D:4      | Found a broken altar of Ashenzari.
  2822 | D:4      | Found a bloodstained altar of Trog.
  2873 | D:4      | Noticed an ogre
  2879 | D:4      | Killed an ogre
  2880 | D:4      | Reached skill level 5 in Invocations
  2880 | D:4      | Reached XP level 6. HP: 24/53 MP: 9/9
  3079 | D:4      | Noticed Natasha
  3083 | D:4      | Killed Natasha
  3084 | D:4      | Reached skill level 5 in Axes
  3084 | D:4      | Reached skill level 5 in Armour
  3234 | D:4      | Found a runed translucent door.
  3235 | D:4      | Noticed Crazy Yiuf
  3443 | D:4      | Killed Crazy Yiuf
  3483 | D:5      | Entered Level 5 of the Dungeon
  3485 | D:5      | Noticed a necrophage
  3666 | D:4      | Reached XP level 7. HP: 29/59 MP: 10/10
  3673 | D:4      | Reached skill level 7 in Fighting
  4069 | D:5      | Found a stormy altar of Qazlal.
  4073 | D:5      | Found a burning altar of Makhleb.
  4075 | D:5      | Found a shimmering altar of Xom.
  4084 | D:5      | Found a glowing golden altar of the Shining One.
  4085 | D:5      | Found an ornate altar of the Wu Jian Council.
  4210 | D:5      | Identified the -7 helmet "Kotix" {Str+4}
  4410 | D:5      | Reached XP level 8. HP: 62/67 MP: 12/12
  4664 | D:5      | Reached *** piety under Lugonu
  4892 | D:5      | Found an ancient bone altar of Kikubaaqudgha.
  5401 | D:5      | Slain by a wyvern zombie

Illustrated notes

Levels and vault maps discovered:
D:1:      moated_graveyard_arrival, layout_loops_ring
D:2:      layout_loops_ring, dilly_ecumenical_altar_fadedgnrine, basic_altar,
          grunt_decor_one_mirror
D:3:      minmay_diamond_boxcup, layout_rooms, hangedman_decor_slide_cut,
          chequers_serial_rivers_large_b
D:4:      layout_basic, kennysheep_mini_moat, lemuel_crystal_altar,
          minmay_surrounded, uniq_natasha, uniq_crazy_yiuf_cottage
D:5:      layout_loops_ring, grunt_temple_overflow_open,
          lemuel_mausoleum_altar_kikubaaqudgha

Skill      XL: |  1  2  3  4  5  6  7  8 |
---------------+-------------------------+-----
Short Blades   | 1 2 3 |  3.5
Long Blades    | 1 2 3 |  3.5
Maces & Flails | 1 2 3 |  3.5
Polearms       | 1 2 3 |  3.5
Staves         | 1 2 3 |  3.5
Slings         | 1 2 3 |  3.5
Bows           | 1 2 3 |  3.5
Crossbows      | 1 2 3 |  3.5
Throwing       | 1 2 3 |  3.5
Stealth        | 1 2 3 |  3.5
Shields        | 1 2 3 |  3.5
Unarmed Combat | 1 2 3 |  3.5
Spellcasting   | 1 2 3 |  3.5
Evocations     | 1 2 3 |  3.5
Conjurations   | 1 2 |  2.9
Hexes          | 1 2 |  2.9
Summonings     | 1 2 |  2.9
Necromancy     | 1 2 |  2.9
Translocations | 1 2 |  2.9
Transmutations | 1 2 |  2.9
Fire Magic     | 1 2 |  2.9
Ice Magic      | 1 2 |  2.9
Air Magic      | 1 2 |  2.9
Earth Magic    | 1 2 |  2.9
Poison Magic   | 1 2 |  2.9
Dodging        | 3 4 |  4.4
Invocations    | 5 6 |  6.1
Axes           | 5 |  5.8
Armour         | 5 |  5.8
Fighting       | 7 |  7.5

Action                   |  1- 3 |  4- 6 |  7- 9 || total
-------------------------+-------+-------+-------++-------
Melee: Hand axe          |    61 |   123 |   199 ||   383
       Bite              |     3 |    13 |    41 ||    57
       Punch             |       |     1 |     1 ||     2
Invok: Depart the Abyss  |     1 |       |       ||     1
  Use: Scroll            |     3 |     5 |     1 ||     9
Armor: Leather armour    |     9 |       |       ||     9
       Scale mail        |    14 |       |       ||    14
       Plate armour      |     5 |    87 |   122 ||   214
Dodge: Dodged            |    44 |    29 |    43 ||   116

Table legend: (Time is in decaauts)
 A = Elapsed time spent in this place.
 B = Non-inter-level travel time spent in this place.
 C = Inter-level travel time spent in this place.
 D = Time resting spent in this place.
 E = Time spent auto-exploring this place.
 F = Levels seen in this place.
 G = Mean time per level.
                   A        B        C        D        E       F      G
               +--------+--------+--------+--------+--------+-----+--------+
         Total |   5444 |   5328 |    116 |    523 |   3789 |   7 |  777.7 |
       Dungeon |   5362 |   5246 |    116 |    523 |   3737 |   5 | 1072.4 |
         Abyss |     82 |     82 |      0 |      0 |     52 |   2 |   41.0 |
               +--------+--------+--------+--------+--------+-----+--------+

Top non-repeatable levels by time:
     D:5: 1542 daAuts
     D:4: 1415 daAuts
     D:2: 882 daAuts
     D:1: 852 daAuts
     D:3: 668 daAuts
 Abyss:2: 47 daAuts
 Abyss:1: 35 daAuts
